 Dungeon Crawl Stone Soup version 0.25.0-1-g7eea58d2a3 (webtiles) character file.

Game seed: 11086197016904264962

42170 MDvedh the Bludgeoner (level 14, -5/90 HPs)
             Began as a Gargoyle Monk on June 14, 2020.
             Was a High Priest of Okawaru.
             Slain by a death yak simulacrum (20 damage)
             ... in an ice cave.
             The game lasted 00:37:39 (20675 turns).

MDvedh the Bludgeoner (Gargoyle Monk)              Turns: 20675, Time: 00:37:40

Health: -5/90      AC: 34    Str: 19    XL:     14   Next: 18%
Magic:  18/20      EV: 11    Int: 12    God:    Okawaru [*****.]
Gold:   1379       SH: 13    Dex: 12    Spells: 13/13 levels left

rFire    + . .     SeeInvis +   J - +8 whip "Snakebite" {curare, rPois}
rCold    + . .     Gourm    .   q - +0 kite shield
rNeg     + . .     Faith    +   K - +0 plate armour
rPois    ∞         Spirit   .   O - +2 helmet {SInv}
rElec    +         Reflect  .   n - +2 cloak of Circular Logic {+Fly rF+}
rCorr    .         Harm     .   (no gloves)
MR       +....                  (no boots)
Stlth    ..........             m - amulet of faith
HPRegen  0.25/turn              P - ring of protection from fire
MPRegen  0.17/turn              U - ring of ice

@: heroism
A: big wings, negative energy resistance 1, electricity resistance, unbreathing,
petrification resistance, rot immunity, AC +10
a: Fly, Heroism, Finesse, Renounce Religion, Evoke Flight


You were in an ice cave.
You worshipped Okawaru.
Okawaru was extremely pleased with you.
You were not hungry.

You visited 4 branches of the dungeon, and saw 18 of its levels.
You also visited: Ossuary and Ice Cave.

You collected 1691 gold pieces.
You spent 312 gold pieces at shops.

Inventory:

Hand Weapons
 e - a +1 whip of flaming
 f - a +5 trident
 l - a +1 dagger of electrocution
 s - a +4 flail
 u - a +3 whip of flaming
 J - the +8 whip "Snakebite" (weapon) {curare, rPois}
   (You found it on level 1 of the Lair of Beasts)

   It poisons the flesh of those it strikes.
   It protects you from poison.
Missiles
 d - 543 stones (quivered)
Armour
 j - a +1 cloak
 n - the +2 cloak of Circular Logic (worn) {+Fly rF+}
   (Okawaru gifted it to you on level 9 of the Dungeon)

   It protects you from fire.
   It lets you fly.
 q - a +0 kite shield (worn)
 K - a +0 plate armour (worn)
 O - a +2 helmet of see invisible (worn)
Jewellery
 b - an uncursed ring of resist corrosion
 m - an amulet of faith (around neck)
 E - an uncursed ring of stealth
 N - a +6 ring of dexterity
 P - a ring of protection from fire (left hand)
 U - a ring of ice (right hand)
 V - a cursed ring of teleportation {unknown}
 X - an uncursed ring of protection from fire
Wands
 a - a wand of random effects (67)
 i - a wand of flame (68)
 v - a wand of iceblast (20)
 y - a wand of polymorph (8)
 F - a wand of paralysis (18)
 L - a wand of clouds (5)
 M - a wand of acid (6)
 Q - a wand of enslavement (3)
Scrolls
 g - 11 scrolls of remove curse
 h - 10 scrolls of teleportation
 r - 3 scrolls of enchant weapon
 C - a scroll of noise {unknown}
 H - 3 scrolls of magic mapping
 I - 2 scrolls of amnesia
 R - 6 scrolls of identify
 T - 2 scrolls of fear
 W - a scroll of blinking
 Z - a scroll of fog
Potions
 k - 4 potions of stabbing
 o - 2 potions of flight
 p - 2 potions of invisibility
 t - 9 potions of curing
 w - 2 potions of might
 x - 3 potions of cancellation {unknown}
 z - 2 potions of ambrosia
 A - a potion of haste
 B - 3 potions of heal wounds
 D - 3 potions of degeneration {unknown}
 G - 5 potions of lignification {unknown}
 S - a potion of mutation {unknown}
Comestibles
 c - 28 rations


   Skills:
 + Level 11.0(16.0) Fighting
 + Level 15.0(20.0) Maces & Flails
 + Level 10.5(15.5) Armour
 - Level 5.0(10.0) Dodging
 - Level 2.1(7.1) Stealth
 - Level 10.0(15.0) Shields
 + Level 8.9 Invocations


You had 13 spell levels left.
You didn't know any spells.
Your spell library contained the following spells:

 Spells                   Type           Power        Failure   Level  Hunger
 Animate Skeleton         Necr           N/A          99%         1    ##.....
 Apportation              Tloc           #.....       99%         1    ##.....
 Corona                   Hex            #......      99%         1    ##.....
 Magic Dart               Conj           #...         99%         1    ##.....
 Summon Small Mammal      Summ           #...         99%         1    ##.....
 Blink                    Tloc           N/A          99%         2    ###....
 Call Imp                 Summ           #.......     99%         2    ###....
 Slow                     Hex            #.......     99%         2    ###....
 Conjure Flame            Conj/Fire      #.......     100%        3    ####...
 Mephitic Cloud           Conj/Pois/Air  #.......     100%        3    ####...


Dungeon Overview and Level Annotations

Branches:
Dungeon (10/15)            Temple (1/1) D:4            Lair (6/6) D:10
  Swamp (0/4) Lair:4       Spider (0/4) Lair:2        Slime (0/5) Lair:6
    Orc (1/2) D:9         Ossuary (visited)           IceCv (1/1)

Altars:
Ashenzari
Cheibriados
Dithmenos
Elyvilon
Fedhas
Gozag
Hepliaklqana
Kikubaaqudgha
Makhleb
Nemelex Xobeh
Okawaru
Qazlal
Ru
Sif Muna
Trog
Uskayaw
Vehumet
Wu Jian
Xom
Yredelemnul
Zin
The Shining One

Shops:
D:7 *

Portals:
Hell: Lair:6

Annotations:
D:4 exclusion: oklob plant
D:9 1 runed translucent door, NoobNation's ghost, novice GrFi
Lair:4 exclusion: 2 oklob plants


Innate Abilities, Weirdness & Mutations

You are resistant to torment.
Your stone body is resilient. (AC +10)
You are immune to poison.
Your large and strong wings let you fly indefinitely.
You resist negative energy. (rN+)
You are resistant to electric shocks. (rElec)
You can survive without breathing.
You are immune to petrification.
You are immune to rotting.


Message History

The polar bear simulacrum is severely damaged.
The polar bear simulacrum barely misses you.
The polar bear simulacrum claws you but does no damage. x2
The death yak simulacrum gores you. The death yak simulacrum freezes you!
You resist.
* * * LOW HITPOINT WARNING * * *
You whack the polar bear simulacrum!
The polar bear simulacrum vapourises!
Okawaru accepts your kill.
Unknown command.
You hit the death yak simulacrum.
The death yak simulacrum is lightly damaged.
The death yak simulacrum misses you.
Unknown command.
You hit the death yak simulacrum.
The death yak simulacrum is lightly damaged.
The death yak simulacrum gores you!
* * * LOW HITPOINT WARNING * * *
The death yak simulacrum freezes you!! You resist.
You die...

#### ##..##
##....###
#.....☼.##...
#.∩.∩@Z.....#
#.....Z....##
##....##..##
##..## ##
####


You could see 2 death yak simulacra.

Vanquished Creatures
  Nessos (Lair:5)
  A dire elephant (Lair:6)
  7 hydras
  3 two-headed ogres
  2 centaur warriors (D:9)
  A sixfirhy (Lair:6)
  A wizard (Lair:6)
  A lindwurm (Lair:6)
  Pikel (D:4)
  An ugly thing (D:9)
  A manticore (D:9)
  Joseph (D:9)
  6 black mambas
  3 orange demons (Lair:6)
  Psyche (D:10)
  10 spiny frogs
  A smoke demon (Lair:6)
  3 rime drakes
  Maggie (D:9)
  13 komodo dragons
  A red devil (Lair:6)
  A meliai (D:9)
  2 ice devils (Lair:6)
  3 polar bears
  A hornet (D:7)
  3 hippogriffs
  2 slime creatures
  3 dream sheep
  6 blink frogs
  Sigmund (D:6)
  Eustachio (D:6)
  A redback (Lair:2)
  19 yaks
  A wyvern (Lair:5)
  A basilisk (Lair:5)
  A vampire mosquito (D:9)
  Menkaure (D:6)
  2 acid dragons (D:9)
  4 hell hounds (Lair:6)
  20 water moccasins
  2 swamp worms (Lair:4)
  7 orc warriors
  3 porcupines
  5 ice beasts
  2 hornet zombies (D:9)
  A phantom (D:8)
  3 sky beasts
  A black bear (D:9)
  5 ogres
  4 centaurs
  12 crocodiles
  3 big kobolds (D:8)
  2 elf zombies (Ossuary)
  13 bullfrogs
  2 wyvern zombies
  A wyvern skeleton (D:8)
  A water moccasin skeleton (D:9)
  10 wights
  7 killer bees
  5 electric eels
  5 crimson imps
  4 howler monkeys
  2 centaur zombies
  7 hounds
  A quasit (D:10)
  An iron imp (D:8)
  4 jellies
  5 orc priests
  A human zombie (Ossuary)
  5 orc wizards
  2 bullfrog skeletons
  Ijyb (D:5)
  4 iguanas
  8 worker ants
  2 polar bear simulacra (IceCv)
  A big kobold zombie (Ossuary)
  2 hound zombies
  2 mummies (Ossuary)
  4 gnolls (D:4)
  16 adders
  A howler monkey skeleton (D:6)
  5 adder skeletons
  3 adder zombies
  A worm (D:2)
  9 dart slugs
  7 leopard geckos
  41 orcs
  A ball python (D:2)
  7 giant cockroaches
  9 goblins
  12 hobgoblins
  14 jackals
  7 kobolds
  3 quokkas
  5 bats
  5 frilled lizards
  A goblin zombie (Ossuary)
  9 hobgoblin zombies (Ossuary)
  A jackal skeleton (D:6)
  A jackal zombie (D:8)
  8 kobold zombies (Ossuary)
  A leopard gecko skeleton (D:4)
  10 orc zombies (Ossuary)
  10 rats
  A rat zombie (Ossuary)
471 creatures vanquished.

Vanquished Creatures (others)
  3 orcs
  A fungus (Lair:2)
4 creatures vanquished.

Grand Total: 475 creatures vanquished

Notes
Turn   | Place    | Note
-------+----------+-------------------------------------------
     0 | D:1      | MDvedh the Gargoyle Monk began the quest for the Orb.
     0 | D:1      | Reached XP level 1. HP: 14/14 MP: 1/1
   152 | D:1      | Reached XP level 2. HP: 19/19 MP: 2/2
   417 | D:1      | Reached skill level 4 in Maces & Flails
   464 | D:1      | Reached XP level 3. HP: 17/23 MP: 3/3
  1112 | D:2      | Reached XP level 4. HP: 20/28 MP: 4/4
  1274 | D:2      | Reached skill level 5 in Maces & Flails
  1739 | D:2      | Reached XP level 5. HP: 32/32 MP: 5/5
  1762 | D:2      | Found a sacrificial altar of Ru.
  2759 | D:3      | Found a white marble altar of Elyvilon.
  2870 | D:4      | Reached skill level 6 in Maces & Flails
  2882 | D:4      | Found a blossoming altar of Fedhas.
  2901 | D:4      | Noticed an oklob plant
  2946 | D:4      | Noticed a slave
  2946 | D:4      | Noticed a slave
  2948 | D:4      | Noticed a slave
  2950 | D:4      | Noticed Pikel
  3032 | D:4      | Found a sand-covered staircase.
  3166 | Ossuary  | Entered an ossuary
  3382 | Ossuary  | Reached XP level 6. HP: 28/37 MP: 6/6
  3406 | Ossuary  | Reached skill level 7 in Maces & Flails
  3612 | Ossuary  | Reached XP level 7. HP: 41/41 MP: 7/7
  3738 | D:4      | Killed Pikel
  3738 | D:4      | Reached skill level 9 in Maces & Flails
  3738 | D:4      | Reached XP level 8. HP: 39/46 MP: 8/8
  4328 | D:4      | Found a staircase to the Ecumenical Temple.
  4348 | Temple   | Entered the Ecumenical Temple
  4586 | D:4      | Reached skill level 1 in Shields
  5104 | D:5      | Entered Level 5 of the Dungeon
  5125 | D:5      | Reached skill level 10 in Maces & Flails
  5482 | D:5      | Noticed Ijyb
  5499 | D:5      | Killed Ijyb
  5562 | D:5      | Found a shadowy altar of Dithmenos.
  5796 | D:6      | Noticed Menkaure
  6150 | D:6      | Reached skill level 5 in Shields
  6150 | D:6      | Reached XP level 9. HP: 51/51 MP: 9/9
  6318 | D:6      | Noticed Sigmund
  6329 | D:6      | Killed Sigmund
  6385 | D:6      | Killed Menkaure
  6621 | D:6      | Reached skill level 11 in Maces & Flails
  6659 | D:6      | Noticed Eustachio
  6694 | D:6      | Killed Eustachio
  6975 | D:7      | Found an ancient bone altar of Kikubaaqudgha.
  7157 | D:7      | Reached skill level 12 in Maces & Flails
  7217 | D:7      | Found a sacrificial altar of Ru.
  7544 | D:7      | Found Joclyf's Assorted Antiques.
  7561 | D:7      | Bought a runed helmet for 187 gold pieces
  7561 | D:7      | Bought a garnet ring for 125 gold pieces
  7616 | D:7      | Found a stormy altar of Qazlal.
  7668 | D:8      | Noticed a hornet
  7700 | D:7      | Killed a hornet
  7700 | D:7      | Reached skill level 1 in Armour
  7700 | D:7      | Reached XP level 10. HP: 51/56 MP: 10/10
  7712 | D:8      | Found an iron altar of Okawaru.
  7721 | D:8      | Became a worshipper of Warmaster Okawaru
  7721 | D:8      | Reached * piety under Okawaru
  7721 | D:8      | Reached ** piety under Okawaru
  7874 | D:8      | Found a snail-covered altar of Cheibriados.
  8418 | D:8      | Found a sparkling altar of Nemelex Xobeh.
  8420 | D:8      | Found a shimmering altar of Xom.
  8484 | D:8      | Found a white marble altar of Elyvilon.
  8597 | D:8      | Found a shattered altar of Ashenzari.
  8930 | D:8      | Reached *** piety under Okawaru
  8962 | D:8      | Noticed a two-headed hydra
  8990 | D:8      | Killed a two-headed hydra
  8990 | D:8      | Reached skill level 5 in Fighting
  9585 | D:9      | Reached **** piety under Okawaru
  9619 | D:9      | Reached XP level 11. HP: 59/64 MP: 11/11
  9652 | D:9      | Noticed Joseph
  9747 | D:9      | Killed Joseph
  9782 | D:9      | Noticed a centaur warrior
 10152 | D:9      | Noticed a centaur warrior
 10174 | D:9      | Killed a centaur warrior
 10174 | D:9      | Reached skill level 13 in Maces & Flails
 10194 | D:9      | Reached ***** piety under Okawaru
 10333 | D:9      | Noticed a manticore
 10352 | D:9      | Killed a manticore
 10352 | D:9      | Reached skill level 5 in Armour
 10363 | D:9      | Noticed a two-headed ogre
 10380 | D:9      | Killed a two-headed ogre
 10425 | D:9      | Received a gift from Okawaru
 10428 | D:9      | Got a twisted cloak {god gift}
 10439 | D:9      | Identified the +2 cloak of Circular Logic {+Fly rF+}
                  | (Okawaru gifted it to you on level 9 of the Dungeon)
 10803 | D:9      | Killed a centaur warrior
 10918 | D:9      | Noticed Maggie
 10932 | D:9      | Killed Maggie
 10932 | D:9      | Reached skill level 5 in Dodging
 11011 | D:9      | Noticed a two-headed ogre
 11025 | D:9      | Killed a two-headed ogre
 11025 | D:9      | Reached skill level 1 in Invocations
 11362 | D:9      | Noticed a cyan ugly thing
 11384 | D:9      | Killed a cyan ugly thing
 11539 | D:9      | Reached skill level 10 in Shields
 11581 | D:9      | Found a staircase to the Orcish Mines.
 11657 | D:9      | Found a runed translucent door.
 11658 | D:9      | Noticed NoobNation's ghost (novice GrFi)
 11815 | D:9      | Reached XP level 12. HP: 71/71 MP: 13/13
 11981 | D:10     | Entered Level 10 of the Dungeon
 12052 | D:10     | Noticed a two-headed ogre
 12065 | D:10     | Killed a two-headed ogre
 12118 | D:10     | Noticed Psyche
 12155 | D:10     | Killed Psyche
 12473 | D:10     | Found a shimmering altar of Xom.
 12488 | D:10     | Found a staircase to the Lair.
 12954 | Lair:1   | Entered Level 1 of the Lair of Beasts
 13581 | Lair:1   | Noticed a seven-headed hydra
 13595 | Lair:1   | Killed a seven-headed hydra
 13778 | Lair:1   | Found the +8 whip "Snakebite" {curare, rPois}
 14051 | Lair:2   | Received a gift from Okawaru
 14257 | Lair:2   | Reached skill level 5 in Invocations
 14391 | Lair:2   | Received a gift from Okawaru
 14400 | Lair:2   | Found a hole to the Spider Nest.
 14824 | Lair:3   | Noticed a seven-headed hydra
 14835 | Lair:3   | Killed a seven-headed hydra
 15153 | Lair:3   | Reached skill level 14 in Maces & Flails
 15366 | Lair:3   | Received a gift from Okawaru
 15512 | Lair:3   | Reached XP level 13. HP: 69/80 MP: 17/17
 16426 | Lair:4   | Received a gift from Okawaru
 16710 | Lair:4   | Found a staircase to the Swamp.
 17006 | Lair:5   | Reached ****** piety under Okawaru
 17119 | Lair:5   | Noticed Nessos
 17173 | Lair:5   | Killed Nessos
 17424 | Lair:5   | Received a gift from Okawaru
 17839 | Lair:6   | Entered Level 6 of the Lair of Beasts
 18027 | Lair:5   | Reached skill level 10 in Fighting
 18640 | Lair:6   | Received a gift from Okawaru
 18702 | Lair:6   | Found a staircase to the Slime Pits.
 19251 | Lair:6   | Reached skill level 10 in Armour
 19398 | Lair:6   | Noticed a dire elephant
 19420 | Lair:6   | Killed a dire elephant
 19616 | Lair:6   | Gained mutation: Your large and strong wings let you fly
                  | indefinitely. [Gargoyle growth]
 19616 | Lair:6   | Reached XP level 14. HP: 73/88 MP: 20/20
 19706 | Lair:6   | Found a burning altar of Makhleb.
 19778 | Lair:6   | Reached skill level 15 in Maces & Flails
 19961 | Lair:6   | Found a gateway to Hell.
 20608 | Orc:1    | Entered Level 1 of the Orcish Mines
 20609 | Orc:1    | Found a frozen archway.
 20661 | IceCv    | Entered an ice cave
 20675 | IceCv    | Slain by a death yak simulacrum

Illustrated notes

Levels and vault maps discovered:
D:1:      minmay_arrival_shattered_statue, layout_rooms
D:2:      layout_rooms, lemuel_coloured_pillars_altar, first_ration,
          kennysheep_generic_room_9
D:3:      layout_basic, overflow_temple_1_default
D:4:      layout_rooms, minmay_temple_entry_junction_2, enter_ossuary_2,
          tgw_fedhas, uniq_pikel
D:5:      layout_basic, kennysheep_mini_moat, uniq_ijyb
D:6:      layout_basic, uniq_menkaure, uniq_eustachio, uniq_sigmund
D:7:      kennysheep_slugbush, layout_basic, kiku_gazebo_pond_becter,
          nicolae_qazlal_eye_of_the_storm, serial_shops, shop,
          nicolae_ru_the_path_less_chosen
D:8:      layout_layer_cave, slow_altar_1, grunt_temple_overflow_open,
          okawaru_trees_2, basic_altar, hangedman_ranch
          [blue_anna_fruit_fields], evilmike_ruin_ashenzari
D:9:      minmay_the_grid_3x3 [minmay_the_grid_broken_lines,
          minmay_the_grid_large_cup, minmay_the_grid_rooms,
          minmay_the_grid_minigrid_medium, minmay_the_grid_box_x,
          minmay_the_grid_tiny_cups, minmay_the_grid_dragon_a,
          minmay_the_grid_fan, minmay_the_grid_prize_big_room],
          layout_loops_ring, orc_david_3, ebering_ghost_reflecting_pool,
          uniq_joseph, uniq_maggie
D:10:     layout_roguey, lair_entry_dummy, basic_altar, uniq_psyche
Temple:   minmay_temple_bridge_abc
Lair:1:   minmay_guarded_unrand_snakebite, layout_big_grid,
          chequers_serial_rivers_micro_b, infiniplex_staircase_pool
Lair:2:   layout_roguey, spider_nest_entry_webs
Lair:3:   layout_gridlike, grunt_megastairs_2, lemuel_fruit_tree
Lair:4:   layout_regular_city, minmay_swamp_entry_worms,
          minmay_lair_oklob_chamber
Lair:5:   layout_cave_shapes, st_stairs_3, uniq_nessos
Lair:6:   evil_forest, layout_cave_pods, minmay_slime_entry_pillars
Orc:1:    cheibrodos_orc_bank, layout_diamond_mine, enter_bailey_5,
          portal_ice_cave_rime
IceCv:    ice_cave_small_necro

Skill      XL: |  1  2  3  4  5  6  7  8  9 10 11 12 13 14 |
---------------+-------------------------------------------+-----
Maces & Flails | 4 5 6 7 9 10 12 13 14 15 | 15.0
Shields        | 5 6 8 10 | 10.0
Armour         | 1 4 6 8 10 | 10.5
Fighting       | 5 6 9 10 11 | 11.0
Dodging        | 4 5 |  5.0
Invocations    | 2 5 8 |  8.9
Stealth        | |  2.1

Action                   |  1- 3 |  4- 6 |  7- 9 | 10-12 | 13-15 || total
-------------------------+-------+-------+-------+-------+-------++-------
Melee: Mace              |    76 |       |       |       |       ||    76
       Dagger            |    45 |   102 |     6 |       |       ||   153
       Trident           |       |   153 |     6 |       |       ||   159
       Whip              |       |       |   505 |  1210 |   548 ||  2263
       Flail             |       |       |       |    96 |       ||    96
Throw: Stone             |    10 |    21 |     7 |     1 |       ||    39
Invok: Heroism           |       |       |       |    13 |     7 ||    20
       Finesse           |       |       |       |     1 |     2 ||     3
Evoke: Wand              |       |       |     6 |       |       ||     6
  Use: Scroll            |     4 |     2 |     1 |    15 |       ||    22
       Potion            |       |       |     3 |       |     1 ||     4
 Stab: Sleeping          |     1 |     2 |       |       |       ||     3
  Eat: Chunk             |     1 |     6 |     9 |    12 |    11 ||    39
       Ration            |       |     1 |     1 |     4 |     2 ||     8
Armor: Robe              |    61 |    33 |       |       |       ||    94
       Ring mail         |       |    68 |    50 |       |       ||   118
       Plate armour      |       |       |   110 |   404 |   198 ||   712
Dodge: Dodged            |   121 |   168 |    70 |   177 |   126 ||   662
Block: Kite shield       |       |       |   123 |   479 |   225 ||   827
